 Dungeon Crawl Stone Soup version 0.32-a0-705-g60f233581c (webtiles) character file.

Game seed: 2679982139238496470

978 Griffin23 the Slasher (level 7, -2/62 HPs)
             Began as a Minotaur Fighter on Mar 14, 2024.
             Incinerated by a bombardier beetle (5 damage)
             ... with a burning spray
             ... on level 5 of the Dungeon.
             The game lasted 00:08:57 (5166 turns).

Griffin23 the Slasher (Minotaur Fighter)            Turns: 5166, Time: 00:08:58

Health: -2/62      AC: 14    Str: 20    XL:     7   Next: 95%
Magic:  6/6        EV: 12    Int:  5    God:
Gold:   343        SH:  5    Dex: 12    Spells: 6/6 levels left

rFire   . . .        a - +0 long sword
rCold   . . .        c - +0 buckler
rNeg    . . .        l - +0 chain mail
rPois   .            (helmet restricted)
rElec   .            (no cloak)
rCorr   .            (no gloves)
SInv    .            (no boots)
Will    .....        (no amulet) Stlth
                     u - +4 ring of protection
HPRegen 0.30/turn    e - +5 ring of evasion
MPRegen 0.10/turn

%: no passive effects
@: on fire, glowing
A: horns 2, retaliatory headbutt
a: no special abilities


You were on level 5 of the Dungeon.
You visited 1 branch of the dungeon, and saw 5 of its levels.

You collected 343 gold pieces.

Inventory:

Hand Weapons
 a - a +0 long sword (weapon)
Missiles
 y - a throwing net (quivered)
Armour
 b - a +0 scale mail
 c - a +0 buckler (worn)
 l - a +0 chain mail (worn)
Jewellery
 e - a +5 ring of evasion (right hand)
 g - a ring of positive energy
 m - a +6 ring of strength
 u - a +4 ring of protection (left hand)
 B - a ring of ice
 F - an amulet of faith
 H - a ring of poison resistance
Wands
 w - a wand of flame (16)
Scrolls
 f - 3 scrolls of identify {unknown}
 h - a scroll of fog {unknown}
 j - a scroll of brand weapon {unknown}
 o - a scroll of summoning {unknown}
 p - a scroll of poison {unknown}
 r - a scroll of amnesia {unknown}
 t - 2 scrolls of noise {unknown}
 x - a scroll of revelation {unknown}
 z - a scroll of teleportation {unknown}
 C - 2 scrolls of enchant armour {unknown}
 G - a scroll of blinking {unknown}
 I - a scroll of enchant weapon {unknown}
Potions
 d - a potion of might
 i - 2 potions of enlightenment {unknown}
 k - a potion of resistance {unknown}
 n - 3 potions of curing
 q - a potion of degeneration {unknown}
 s - a potion of haste {unknown}
 v - a potion of lignification {unknown}
 A - a potion of invisibility {unknown}
 D - a potion of heal wounds {unknown}
 E - a potion of ambrosia {unknown}


   Skills:
 + Level 5.8 Fighting
 + Level 7.9 Long Blades
 + Level 6.2 Armour
 + Level 0.5 Dodging
 + Level 0.5 Stealth
 + Level 5.1 Shields


You had 6 spell levels left.
You didn't know any spells.
Your spell library contained the following spells:

 Spells                   Type           Power      Damage    Failure   Level
 Summon Small Mammal      Summ           0%         N/A       99%         1
 Ensorcelled Hibernation  Hex/Ice        0%         N/A       100%        2
 Call Canine Familiar     Summ           0%         N/A       100%        3
 Passwall                 Erth           0%         N/A       100%        3
 Sigil of Binding         Hex            0%         N/A       100%        3
 Swiftness                Air            0%         N/A       100%        3
 Dimensional Bullseye     Hex/Tloc       0%         N/A       100%        4
 Summon Blazeheart Golem  Fire/Summ      0%         N/A       100%        4


Dungeon Overview and Level Annotations

Branches:
Dungeon (5/15)             Temple (0/1) D:5

Altars:
Gozag
Kikubaaqudgha

Shops:
D:3 [

Annotations:
D:5 3 runed translucent doors


Innate Abilities, Weirdness & Mutations

You have a pair of horns on your head.
You reflexively headbutt those who attack you in melee.


Message History

The bombardier beetle is almost dead.
The liquid fire burns you!
You hit the bombardier beetle but do no damage.
The bombardier beetle is almost dead.
The liquid fire burns you!
* * * LOW HITPOINT WARNING * * *
You block the bombardier beetle's attack.
You closely miss the bombardier beetle.
The bombardier beetle is almost dead.
The liquid fire burns you!
* * * LOW HITPOINT WARNING * * *
You hit the bombardier beetle but do no damage.
The bombardier beetle is almost dead.
The liquid fire burns you!
* * * LOW HITPOINT WARNING * * *
The bombardier beetle sprays incendiary fluid at you.
The burning spray hits you.
You are even more covered in liquid fire!
You hit the bombardier beetle but do no damage.
The bombardier beetle is almost dead.
The liquid fire burns you!
* * * LOW HITPOINT WARNING * * *
The bombardier beetle sprays incendiary fluid at you.
The burning spray hits you.
You are even more covered in liquid fire!
You shake off some of the fire as you move.
The liquid fire burns you!
* * * LOW HITPOINT WARNING * * *
It was a potion of curing.
You feel better. The liquid fire burns you!
* * * LOW HITPOINT WARNING * * *
You shake off some of the fire as you move.
The liquid fire burns you!
* * * LOW HITPOINT WARNING * * *
You shake off some of the fire as you move.
The liquid fire burns you!
* * * LOW HITPOINT WARNING * * *
You shake off some of the fire as you move.
The liquid fire burns you!
You die...

#...........
#.......
#...........
########
#........... ####
#...†....... #...
#.....# #... #..B..#
+######...
#...#######....##...
#...# #.#.#....##...
#..@# ....#....##...
#...# ....+....##...
#...# )...+....##...
#..[# ?...+....##...
#...# ...Z#....##...
#...# #.#Z#....#####
###'#######....'....
#.##.........#####
#.# ##............


You could see a bombardier beetle.

Vanquished Creatures
  The ghost of gosagan the Vexing, an amateur KoEn (D:4)
  3 ice beasts (D:5)
  A black bear (D:5)
  A kobold brigand (D:4)
  2 hounds
  A jelly (D:4)
  4 orc wizards (D:4)
  9 gnolls
  7 adders
  2 ribbon worms
  5 dart slugs
  6 orcs
  8 endoplasms
  2 giant cockroaches
  6 goblins
  5 hobgoblins
  8 jackals
  8 ball pythons
  2 bats (D:3)
  A frilled lizard (D:1)
  5 kobolds
  8 rats
95 creatures vanquished.

Vanquished Creatures (others)
  An adder (D:5)
1 creature vanquished.

Grand Total: 96 creatures vanquished

Notes
Turn   | Place    | Note
-------+----------+-------------------------------------------
     0 | D:1      | Griffin23 the Minotaur Fighter began the quest for the Orb.
     0 | D:1      | Reached XP level 1. HP: 19/19 MP: 0/0
   100 | D:1      | Reached XP level 2. HP: 24/27 MP: 1/1
   557 | D:1      | Reached XP level 3. HP: 33/33 MP: 2/2
  1206 | D:2      | Reached skill level 3 in Long Blades
  2191 | D:3      | Found a faded altar of an unknown god.
  2226 | D:3      | Reached XP level 4. HP: 40/40 MP: 3/3
  2546 | D:3      | Reached skill level 4 in Long Blades
  2576 | D:3      | Found Boneam's Armour Emporium.
  3147 | D:3      | Found an ancient bone altar of Kikubaaqudgha.
  3438 | D:4      | Reached XP level 5. HP: 47/47 MP: 4/4
  3546 | D:4      | Found a runed translucent gate.
  3562 | D:4      | Found a runed translucent gate.
  3562 | D:4      | Found an opulent altar of Gozag.
  3564 | D:4      | Found a runed translucent gate.
  3565 | D:4      | Noticed gosagan's ghost (amateur KoEn)
  3578 | D:4      | Reached skill level 5 in Long Blades
  3792 | D:4      | Reached XP level 6. HP: 37/53 MP: 5/5
  4180 | D:4      | Reached skill level 5 in Fighting
  4314 | D:4      | Reached skill level 5 in Armour
  4315 | D:4      | Reached skill level 6 in Long Blades
  4322 | D:4      | Killed gosagan's ghost
  4323 | D:4      | Reached XP level 7. HP: 50/61 MP: 6/6
  4443 | D:5      | Entered Level 5 of the Dungeon
  4608 | D:5      | Found a staircase to the Ecumenical Temple.
  4658 | D:5      | Reached skill level 7 in Long Blades
  4658 | D:5      | Reached skill level 5 in Shields
  5061 | D:5      | Found a runed translucent gate.
  5062 | D:5      | Found a runed translucent gate.
  5062 | D:5      | Found a runed translucent gate.
  5162 | D:5      | HP: 1/62 [burnt (4)]
  5166 | D:5      | Incinerated by a bombardier beetle

Illustrated notes

Levels and vault maps discovered:
D:1:      spicycebolla_green_bress_n_ham_2, layout_basic
D:2:      layout_basic, minmay_stone_trees_small, nicolae_figureground_pulse
D:3:      layout_basic, mainiacjoe_overflow_catwalk,
          ebering_ecumenical_altar_hall, serial_shops, nicolae_shop_behind_doors
D:4:      layout_rooms, ebering_ghost_gozag, serial_curves, eino_curves_01,
          eino_curves_01
D:5:      layout_basic, minmay_temple_entry_statues_pillars,
          gammafunk_ghost_necromancy, nrook_uturn, lemuel_flamethrower_2

Skill      XL: |  1  2  3  4  5  6  7 |
---------------+----------------------+-----
Fighting       | 4 5 |  5.8
Armour         | 4 5 6 |  6.2
Shields        | 4 5 |  5.1
Long Blades    | 3 4 5 6 7 |  7.9
Dodging        | |  0.5
Stealth        | |  0.5

Action                     |  1- 3 |  4- 6 |  7- 9 || total
---------------------------+-------+-------+-------++-------
  Melee: Long sword        |    80 |   113 |    75 ||   268
         Headbutt          |    11 |    22 |    13 ||    46
    Use: Potion            |       |     1 |     1 ||     2
 Armour: Scale mail        |    35 |       |       ||    35
         Chain mail        |    10 |   107 |    45 ||   162
  Dodge: Dodged            |    32 |    39 |    32 ||   103
  Block: Buckler           |    25 |    31 |    14 ||    70

Table legend: (Time is in decaauts)
 A = Elapsed time spent in this place.
 B = Non-inter-level travel time spent in this place.
 C = Inter-level travel time spent in this place.
 D = Time resting spent in this place.
 E = Time spent auto-exploring this place.
 F = Levels seen in this place.
 G = Mean time per level.
                   A        B        C        D        E       F      G
               +--------+--------+--------+--------+--------+-----+--------+
         Total |   5218 |   5034 |    184 |    326 |   4022 |   5 | 1043.6 |
       Dungeon |   5218 |   5034 |    184 |    326 |   4022 |   5 | 1043.6 |
               +--------+--------+--------+--------+--------+-----+--------+

Top non-repeatable levels by time:
     D:3: 1207 daAuts
     D:2: 1170 daAuts
     D:4: 1158 daAuts
     D:1: 954 daAuts
     D:5: 728 daAuts
